 Dungeon Crawl Stone Soup version 0.30-a0-1082-g70414cbcbb (webtiles) character file.

Game seed: 8158709821183404234

1781 Pooter the Cleaver (level 8, -3/109 HPs)
             Began as a Minotaur Berserker on Apr 16, 2023.
             Was an Elder of Trog.
             Slain by a vampire mosquito (6 damage)
             ... on level 5 of the Dungeon.
             The game lasted 00:31:19 (4913 turns).

Pooter the Cleaver (Minotaur Berserker)             Turns: 4913, Time: 00:31:20

Health: -3/109     AC:  9    Str: 24    XL:     8   Next: 81%
Magic:  7/7        EV:  9    Int:  4    God:    Trog [****..]
Gold:   249        SH:  5    Dex: 16    Spells: 7/7 levels left

rFire   . . .      SeeInvis .    i - +0 war axe
rCold   . . .      Faith    .    (no shield)
rNeg    . . .      Spirit   .    v - +0 chain mail
rPois   +          Reflect  +    (helmet restricted)
rElec   .          Rampage  .    (no cloak)
rCorr   .                        d - +0 pair of gloves
Will    .....                    (no boots) Stlth
                                 l - amulet of reflection
HPRegen 0.38/turn                w - +6 ring of dexterity
MPRegen 0.10/turn                P - ring of poison resistance

@: berserking (expiring), very quick
A: horns 2, retaliatory headbutt
a: Renounce Religion, Berserk, Trog's Hand, Brothers in Arms


You were on level 5 of the Dungeon.
You worshipped Trog.
Trog was greatly pleased with you.
You visited 1 branch of the dungeon, and saw 6 of its levels.
You also visited: Sewer.

You collected 249 gold pieces.

Inventory:

Hand Weapons
 a - a +2 dire flail of protection
   (You took it off Edmund on level 5 of the Dungeon)
 b - a +0 shortbow
   (You took it off a centaur on level 5 of the Dungeon)
 i - a +0 war axe (weapon)
   (You found it on level 5 of the Dungeon)
 C - a +0 flail
   (You found it in a sewer)
Missiles
 m - 18 poisoned darts (quivered)
 n - 4 boomerangs
 B - a curare-tipped dart
 Q - 43 stones
Armour
 d - a +0 pair of gloves (worn)
   (You found it on level 4 of the Dungeon)
 v - a +0 chain mail (worn)
   (You found it on level 4 of the Dungeon)
Jewellery
 h - an amulet of the acrobat
   (You found it on level 1 of the Dungeon)
 l - an amulet of reflection (around neck)
   (You took it off an orc wizard on level 5 of the Dungeon)
 s - a +6 ring of intelligence
   (You found it on level 4 of the Dungeon)
 w - a +6 ring of dexterity (left hand)
   (You found it on level 4 of the Dungeon)
 P - a ring of poison resistance (right hand)
   (You found it on level 5 of the Dungeon)
Scrolls
 e - a scroll of blinking
 g - 2 scrolls of magic mapping
 o - 3 scrolls of noise {!r}
 q - a scroll of enchant weapon
 r - 2 scrolls of silence
 t - 3 scrolls of teleportation {@r4}
 y - a scroll of fog {unknown}
 D - a scroll of enchant armour {unknown}
Potions
 c - 3 potions of resistance
 f - 2 potions of curing {unknown}
 j - a potion of degeneration {unknown}
 k - 2 potions of heal wounds {unknown}
 p - 3 potions of mutation {!q}
 u - 2 potions of haste {unknown}
 x - a potion of brilliance {unknown}
 z - a potion of might {unknown}
 A - 2 potions of invisibility {unknown}


   Skills:
 + Level 7.1 Fighting
 * Level 9.4 Axes
 * Level 7.1 Ranged Weapons
 - Level 2.4 Armour
 - Level 2.1 Dodging
 - Level 2.2 Stealth


You had 7 spell levels left.
You didn't know any spells.
Your spell library was empty.

Dungeon Overview and Level Annotations

Branches:
Dungeon (6/15)             Temple (0/1) D:5           Sewer (visited)

Altars:
Elyvilon
Fedhas
Okawaru


Innate Abilities, Weirdness & Mutations

You have a pair of horns on your head.
You reflexively headbutt those who attack you in melee.


Message History

You headbutt the vampire mosquito. You slash the vampire mosquito!
You headbutt the vampire mosquito!
You destroy the vampire mosquito!
Trog accepts your kill.
You hit the vampire mosquito. The vampire mosquito bites you.
The vampire mosquito draws strength from your injuries!
The vampire mosquito bites you.
The vampire mosquito draws strength from your injuries!
Your Fighting skill increases to level 7!
Your Ranged Weapons skill increases to level 7!
You are too injured to fight recklessly!
You are too injured to fight recklessly!
You are too injured to fight recklessly!
You completely miss the vampire mosquito.
The vampire mosquito bites you!
* * * LOW HITPOINT WARNING * * *
The vampire mosquito draws strength from your injuries!
You block the vampire mosquito's attack.
Unknown command.
You barely miss the vampire mosquito. You headbutt the vampire mosquito!
The vampire mosquito bites you!
* * * LOW HITPOINT WARNING * * *
The vampire mosquito draws strength from your injuries!
The vampire mosquito bites you but does no damage.
You slice the vampire mosquito!! The vampire mosquito bites you.
* * * LOW HITPOINT WARNING * * *
The vampire mosquito draws strength from your injuries!
The vampire mosquito bites you.
* * * LOW HITPOINT WARNING * * *
The vampire mosquito draws strength from your injuries!
A red film seems to cover your vision as you go berserk!
You feel yourself moving faster!
You feel mighty! The vampire mosquito bites you!
* * * LOW HITPOINT WARNING * * *
The vampire mosquito draws strength from your injuries!
The vampire mosquito bites you.
* * * LOW HITPOINT WARNING * * *
The vampire mosquito draws strength from your injuries!
You barely miss the vampire mosquito. Your punch misses the vampire mosquito.
The vampire mosquito bites you.
* * * LOW HITPOINT WARNING * * *
The vampire mosquito draws strength from your injuries!
You miss the vampire mosquito. You headbutt the vampire mosquito.
The vampire mosquito bites you but does no damage.
You block the vampire mosquito's attack.
You slash the vampire mosquito! The vampire mosquito bites you!
* * * LOW HITPOINT WARNING * * *
The vampire mosquito draws strength from your injuries!
You closely miss the vampire mosquito. The vampire mosquito bites you.
You die...

####.........# ##....)[...##.#
#.........# ####.<[)>....#
#.........## #####..)....###
#.=........# ##..........##
##.......#.# ##..###...######
##.....##.###..##..........#
#..####.......###..........##
#####.###...#...#>.##............
#......#..#.....@y..........##.##
...P.P...##.###.###....####.##.##
##..>....##.###.# #............†.
#.P.P.#........###....######..<.
##.....##.#####......###### ##...
....#####.................## ###.
#######....######..######..## #.
..# #..#.## #..# ##..# #. ..#
#.##.# ##..# ##.# ##


You could see a vampire mosquito.

Vanquished Creatures
  Grinder (D:5)
  A vampire mosquito (D:5)
  Edmund (D:5)
  A black bear (D:4)
  2 ogres (D:5)
  A centaur (D:5)
  3 phantoms
  A kobold brigand (Sewer)
  A scorpion (D:5)
  A wight (Sewer)
  5 hounds
  5 iguanas
  2 sleepcaps
  2 orc wizards (D:5)
  6 adders
  6 shadow imps
  An ufetubus (Sewer)
  An adder zombie (Sewer)
  3 worms
  A dart slug (D:4)
  11 orcs
  8 bats
  14 endoplasms
  6 giant cockroaches
  7 hobgoblins
  2 jackals (D:3)
  4 quokkas
  11 ball pythons
  8 frilled lizards
  A giant cockroach zombie (Sewer)
  10 goblins
  13 kobolds
  A kobold zombie (Sewer)
  6 rats
147 creatures vanquished.

Notes
Turn   | Place    | Note
-------+----------+-------------------------------------------
     0 | D:1      | Pooter the Minotaur Berserker began the quest for the Orb.
     0 | D:1      | Reached XP level 1. HP: 19/19 MP: 0/0
   201 | D:1      | Reached XP level 2. HP: 27/27 MP: 1/1
   259 | D:1      | Reached skill level 4 in Axes
   271 | D:1      | Reached skill level 1 in Stealth
   618 | D:1      | You fall into a shaft and drop 1 floor!
  1025 | D:2      | Reached ** piety under Trog
  1026 | D:2      | Reached XP level 3. HP: 33/33 MP: 2/2
  1258 | D:2      | Found a blossoming altar of Fedhas.
  1558 | D:2      | Reached XP level 4. HP: 36/40 MP: 3/3
  2145 | D:3      | Reached skill level 5 in Axes
  2243 | D:3      | Found Ixtymn's Distillery.
  2411 | D:4      | Reached skill level 1 in Ranged Weapons
  2514 | D:4      | Noticed a black bear
  2527 | D:4      | Reached XP level 5. HP: 47/47 MP: 4/4
  2527 | D:4      | Killed a black bear
  2528 | D:4      | Reached *** piety under Trog
  2737 | D:4      | Found a white marble altar of Elyvilon.
  3127 | D:4      | Found an iron altar of Okawaru.
  3223 | D:5      | Entered Level 5 of the Dungeon
  3237 | D:5      | Reached XP level 6. HP: 55/55 MP: 5/5
  3283 | D:5      | Found a glowing drain.
  3287 | Sewer    | Entered a sewer
  3317 | Sewer    | Reached skill level 6 in Axes
  3430 | Sewer    | Reached skill level 5 in Fighting
  3576 | Sewer    | Found an ancient bone altar of Kikubaaqudgha.
  3674 | Sewer    | Reached XP level 7. HP: 61/61 MP: 6/6
  4037 | D:5      | Reached skill level 7 in Axes
  4137 | D:5      | Noticed Edmund
  4300 | D:5      | Killed Edmund
  4301 | D:5      | Reached skill level 5 in Ranged Weapons
  4405 | D:5      | Reached skill level 8 in Axes
  4405 | D:5      | Reached XP level 8. HP: 65/70 MP: 7/7
  4468 | D:5      | Found a staircase to the Ecumenical Temple.
  4474 | D:5      | Noticed Grinder
  4489 | D:5      | Killed Grinder
  4822 | D:6      | Reached skill level 9 in Axes
  4887 | D:6      | Reached **** piety under Trog
  4912 | D:5      | HP: 3/109 [vampire mosquito (8)]
  4913 | D:5      | Slain by a vampire mosquito

Illustrated notes

Levels and vault maps discovered:
D:1:      heliophobic_arrival_enchanted_forest, layout_basic,
          minmay_tromino_v4_a
D:2:      minmay_angry_zag, layout_basic, basic_altar, serial_aquarium,
          aquarium_bridge_straight [aquarium_subvault_bridge,
          aquarium_subvault_window, aquarium_subvault_bridge,
          aquarium_subvault_wall], aquarium_bridge_long_joined
          [aquarium_subvault_wall, aquarium_subvault_wall,
          aquarium_subvault_window, aquarium_subvault_bridge,
          aquarium_subvault_balcony, aquarium_subvault_bridge],
          aquarium_window_corner, aquarium_window_fake, aquarium_window_fake,
          aquarium_view_2e, aquarium_balcony_double_4, aquarium_pool_four,
          dreamdust_mushroom_princess, kennysheep_potato
D:3:      layout_rooms, serial_shops, nicolae_shop_rolling_square
D:4:      layout_basic, mainiacjoe_overflow_six_doors_small,
          nicolae_elyvilon_peaceful_grove
D:5:      layout_rooms, minmay_temple_entry_trees, gup_sewer_entry_bowl,
          uniq_grinder, uniq_edmund
D:6:      layout_rooms, lemuel_crystal_altar, old_standard_altar,
          nicolae_shop_i_like_small_books_too, uniq_menkaure, uniq_maggie

Skill      XL: |  1  2  3  4  5  6  7  8 |
---------------+-------------------------+-----
Axes           | 4 5 6 8 9 |  9.4
Stealth        | 1 2 |  2.2
Fighting       | 4 5 6 7 |  7.1
Ranged Weapons | 1 2 3 5 7 |  7.1
Armour         | |  2.4
Dodging        | |  2.1

Action                     |  1- 3 |  4- 6 |  7- 9 || total
---------------------------+-------+-------+-------++-------
  Melee: Hand axe          |    60 |    31 |     5 ||    96
         Headbutt          |    11 |    26 |    15 ||    52
         Short sword       |    29 |   101 |       ||   130
         Punch             |       |     1 |       ||     1
         War axe           |       |       |    37 ||    37
         Dire flail        |       |       |    39 ||    39
   Fire: Sling             |       |    57 |    19 ||    76
         Shortbow          |       |       |    11 ||    11
  Throw: Stone             |     5 |       |       ||     5
         Dart              |       |     2 |     7 ||     9
         Boomerang         |       |     4 |       ||     4
 Invoke: Berserk           |       |     4 |     4 ||     8
         Trog's Hand       |       |     1 |     3 ||     4
    Use: Scroll            |     4 |     6 |       ||    10
 Armour: Ring mail         |    34 |    17 |       ||    51
         Animal skin       |     1 |       |       ||     1
         Chain mail        |       |    30 |    33 ||    63
  Dodge: Dodged            |    67 |    69 |    44 ||   180
  Block: Other             |       |       |    12 ||    12
         Reflection        |       |       |     1 ||     1

Table legend: (Time is in decaauts)
 A = Elapsed time spent in this place.
 B = Non-inter-level travel time spent in this place.
 C = Inter-level travel time spent in this place.
 D = Time resting spent in this place.
 E = Time spent auto-exploring this place.
 F = Levels seen in this place.
 G = Mean time per level.
                   A        B        C        D        E       F      G
               +--------+--------+--------+--------+--------+-----+--------+
         Total |   5010 |   4933 |     77 |    555 |   3160 |   7 |  715.7 |
       Dungeon |   4435 |   4358 |     77 |    291 |   3032 |   6 |  739.2 |
         Sewer |    575 |    575 |      0 |    263 |    127 |   1 |  575.0 |
               +--------+--------+--------+--------+--------+-----+--------+

Top non-repeatable levels by time:
     D:5: 1047 daAuts
     D:4: 960 daAuts
     D:2: 932 daAuts
     D:1: 900 daAuts
   Sewer: 575 daAuts
     D:3: 501 daAuts
     D:6: 94 daAuts
